 Dungeon Crawl Stone Soup version 0.31-a0-1616-gbeaec30b81 (webtiles) character file.

Game seed: 7992383507902928014

497 shadizar the Covered (level 6, 0/84 HPs)
             Began as a Minotaur Fighter on Jan 10, 2024.
             Succumbed to a scorpion's poison
             ... on level 4 of the Dungeon.
             The game lasted 00:03:55 (2849 turns).

shadizar the Covered (Minotaur Fighter)             Turns: 2849, Time: 00:03:56

Health: 0/84       AC: 23    Str: 22    XL:     6   Next: 93%
Magic:  5/5        EV:  2    Int:  5    God:
Gold:   151        SH:  5    Dex: 10    Spells: 5/5 levels left

rFire   . . .        a - +0 war axe
rCold   . . .        c - +0 buckler
rNeg    . . .        b - melded +0 scale mail
rPois   +            (helmet currently unavailable)
rElec   .            (cloak currently unavailable)
rCorr   .            (gloves currently unavailable)
SInv    .            (boots currently unavailable)
Will    .....        (no amulet)
Stlth   +            (no ring)
HPRegen 0.34/turn    (no ring)
MPRegen 0.09/turn

%: no passive effects
@: brilliant, lethally poisoned (0 -> -5), tree-form, attractive
A: stationary, stasis, torment immunity, boosted hp, (horns 2), (retaliatory
headbutt)
a: no special abilities


You were on level 4 of the Dungeon.
You were a tree.
You visited 2 branches of the dungeon, and saw 6 of its levels.

You collected 151 gold pieces.

Inventory:

Hand Weapons
 a - a +0 war axe (weapon)
Armour
 b - a +0 scale mail (melded)
 c - a +0 buckler (worn)
Jewellery
 p - a +6 ring of intelligence
Scrolls
 e - 4 scrolls of fog {unknown}
 f - 4 scrolls of immolation {unknown}
 g - a scroll of amnesia {unknown}
 i - 5 scrolls of identify {unknown}
 j - a scroll of noise {unknown}
 k - a scroll of teleportation {unknown}
 l - a scroll of vulnerability {unknown}
 m - 3 scrolls of poison {unknown}
 q - a scroll of enchant armour {unknown}
Potions
 d - a potion of might


   Skills:
 + Level 5.2 Fighting
 + Level 4.5 Axes
 + Level 5.4 Armour
 + Level 3.2 Dodging
 + Level 5.2 Shields


You had 5 spell levels left.
You didn't know any spells.
Your spell library contained the following spells:

 Spells                   Type           Power      Damage    Failure   Level
 Tukima's Dance           Hex            0%         N/A       88%         3
 Dimensional Bullseye     Hex/Tloc       0%         N/A       99%         4
 Iskenderun's Mystic Bla  Conj/Tloc      0%         2d3       99%         4
 Sculpt Simulacrum        Ice/Alch       0%         N/A       100%        6
 Ozocubu's Refrigeration  Ice            0%         4d7       100%        7
 Polar Vortex             Ice            0%         N/A       100%        9


Dungeon Overview and Level Annotations

Branches:
Dungeon (5/15)             Temple (1/1) D:4

Altars:
Ashenzari
Dithmenos
Elyvilon
Fedhas
Gozag
Makhleb
Nemelex Xobeh
Qazlal
Ru
Sif Muna
Trog
Uskayaw
Vehumet
Wu Jian
Xom
Yredelemnul
Zin


Innate Abilities, Weirdness & Mutations

You are a tree.
Your roots penetrate the ground, keeping you stationary.
You cannot be teleported.
You are immune to unholy pain and torment.
Your maximum health is greatly increased.
Your equipment is partially melded.
((You have a pair of horns on your head.))
((You reflexively headbutt those who attack you in melee.))


Message History

You feel sick.
There is a stone staircase leading up here.
You feel sick. You block the scorpion's attack.
You climb upwards.
You feel sick.
There is a stone staircase leading down here.
You hit the scorpion but do no damage.
The scorpion is almost dead.
You feel sick.
You are no longer poisoned.
The scorpion barely misses you. The scorpion misses you.
You barely miss the scorpion. Your headbutt misses the scorpion.
The scorpion is almost dead.
You block the scorpion's attack.
You hit the scorpion but do no damage.
The scorpion is almost dead.
The scorpion stings you.
* * * LOW HITPOINT WARNING * * *
You block the scorpion's attack.
You barely miss the scorpion. You headbutt the scorpion.
The scorpion is almost dead.
The scorpion stings you.
* * * LOW HITPOINT WARNING * * *
You are lethally poisoned!
The scorpion poisons you!
You hit the scorpion.
You kill the scorpion!
* * * LOW HITPOINT WARNING * * *
You feel very sick.
It was a potion of brilliance.
You feel clever all of a sudden.
* * * LOW HITPOINT WARNING * * *
You feel sick.
It was a potion of attraction.
You feel attractive to monsters.
* * * LOW HITPOINT WARNING * * *
You feel sick.
It was a potion of lignification.
You turn into a tree.
Your +0 scale mail melds into your body.
Your roots penetrate the ground.
You die...

#.........#........#
#.........##'#######
#............#
#########.####
###.##### #.......#
#.......# #.......#
#.....♣.#
#....†..#######
#.......#.....#
#.....###.....#
#.....# #.....#
#.....# #.....#
####.#######.....#
#................#
#.##>#######.....#


There were no monsters in sight!

Vanquished Creatures
  An ogre (D:2)
  2 scorpions (D:4)
  A jelly (D:4)
  A hound (D:4)
  An orc priest (D:3)
  An orc wizard (D:4)
  Robin (D:2)
  5 adders
  3 dart slugs
  2 ribbon worms
  10 orcs
  6 ball pythons
  6 bats
  8 endoplasms
  A giant cockroach (D:1)
  19 goblins
  14 hobgoblins
  6 jackals (D:2)
  3 quokkas
  2 frilled lizards (D:1)
  7 kobolds
  4 rats (D:1)
104 creatures vanquished.

Notes
Turn   | Place    | Note
-------+----------+-------------------------------------------
     0 | D:1      | shadizar the Minotaur Fighter began the quest for the Orb.
     0 | D:1      | Reached XP level 1. HP: 19/19 MP: 0/0
   235 | D:1      | Reached XP level 2. HP: 27/27 MP: 1/1
   671 | D:1      | Reached skill level 1 in Dodging
   788 | D:1      | You fall into a shaft and drop 1 floor!
   796 | D:2      | Reached XP level 3. HP: 30/33 MP: 2/2
  1077 | D:2      | Noticed Robin
  1089 | D:2      | Reached XP level 4. HP: 10/40 MP: 3/3
  1369 | D:2      | Killed Robin
  1471 | D:2      | Noticed an ogre
  1506 | D:2      | Killed an ogre
  1507 | D:2      | Reached XP level 5. HP: 41/47 MP: 4/4
  1594 | D:2      | Found a sacrificial altar of Ru.
  2281 | D:4      | Found a staircase to the Ecumenical Temple.
  2321 | Temple   | Entered the Ecumenical Temple
  2341 | D:4      | Reached XP level 6. HP: 53/55 MP: 5/5
  2343 | D:4      | Reached skill level 5 in Armour
  2347 | D:4      | Reached skill level 5 in Shields
  2348 | D:4      | Reached skill level 5 in Fighting
  2682 | D:4      | Found a glowing silver altar of Zin.
  2683 | D:4      | Found a bloodstained altar of Trog.
  2701 | D:4      | Found a hide-covered altar of Uskayaw.
  2701 | D:4      | Found an ornate altar of the Wu Jian Council.
  2701 | D:4      | Found a sparkling altar of Nemelex Xobeh.
  2702 | D:4      | Found a shadowy altar of Dithmenos.
  2820 | D:5      | Entered Level 5 of the Dungeon
  2828 | D:5      | Noticed an ice beast
  2847 | D:4      | HP: 1/56 [poisoned by a scorpion]
  2849 | D:4      | Succumbed to a scorpion's poison

Illustrated notes

Levels and vault maps discovered:
D:1:      dpeg_arrival_tiny_b, layout_loops_corners, bh_walls_and_bars
D:2:      layout_rooms, basic_altar, uniq_robin
D:3:      layout_basic, kennysheep_minor_cross, chequers_hall_statues_corner_a
D:4:      layout_basic, grunt_temple_overflow_open, minmay_temple_entry_grid,
          kennysheep_generic_room_2
D:5:      layout_rooms, serial_shops, shop, hangedman_decor_points
Temple:   nicolae_temple_bog_church

Skill      XL: |  1  2  3  4  5  6 |
---------------+-------------------+-----
Dodging        | 1 2 3 |  3.2
Armour         | 4 5 |  5.4
Fighting       | 4 5 |  5.2
Shields        | 4 5 |  5.2
Axes           | 3 4 |  4.5

Action                     |  1- 3 |  4- 6 || total
---------------------------+-------+-------++-------
  Melee: War axe           |    69 |   120 ||   189
         Headbutt          |     5 |    22 ||    27
    Use: Potion            |       |     3 ||     3
 Armour: Scale mail        |    70 |   102 ||   172
  Dodge: Dodged            |    38 |    77 ||   115
  Block: Buckler           |    20 |    30 ||    50

Table legend: (Time is in decaauts)
 A = Elapsed time spent in this place.
 B = Non-inter-level travel time spent in this place.
 C = Inter-level travel time spent in this place.
 D = Time resting spent in this place.
 E = Time spent auto-exploring this place.
 F = Levels seen in this place.
 G = Mean time per level.
                   A        B        C        D        E       F      G
               +--------+--------+--------+--------+--------+-----+--------+
         Total |   2917 |   2750 |    167 |      0 |   2140 |   6 |  486.2 |
       Dungeon |   2916 |   2749 |    167 |      0 |   2140 |   5 |  583.2 |
        Temple |      1 |      1 |      0 |      0 |      0 |   1 |    1.0 |
               +--------+--------+--------+--------+--------+-----+--------+

Top non-repeatable levels by time:
     D:1: 1098 daAuts
     D:2: 655 daAuts
     D:3: 578 daAuts
     D:4: 561 daAuts
     D:5: 22 daAuts
  Temple: 1 daAuts
